PCL
CALGARY COWBOYS @ MEXICO CITY CERVECEROS
08/31/2025
 
TOP OF THE 1ST
Calgary Cowboys batting - Pitching for Mexico City Cerveceros : RHP Roberto Matoza
Pitching: RHP Roberto Matoza
Batting: RHB Clark Hodge 0-0: Ball
1-0: Ball
2-0: Foul Ball, location: 2F
2-1: Ball
3-1: SINGLE (Groundball, 34)
Batting: RHB Jorge Balencia Pickoff Throw to First - Error! E1
Clark Hodge to second
0-0: Hit by Pitch
Batting: LHB Terry Maloney 0-0: DOUBLE (Flyball, 7LM)
Clark Hodge scores
Jorge Balencia to third
Runner from 3rd tries for Home, SAFE, throw made home
Batting: LHB Miguel Pérez 0-0: Fly out, F8 (Flyball, 8LM)
Batting: RHB Ramón Martínez 0-0: Ground out 4-3 (Groundball, 4)
Terry Maloney to third
Batting: RHB Shayne Burry 0-0: Ball
1-0: Called Strike
1-1: Called Strike
1-2: Ball
2-2: Ball
3-2: Base on Balls
Batting: LHB Freddy Herrera 0-0: SINGLE (Line Drive, 89S)
Terry Maloney scores
Shayne Burry to second
Runner from 2nd tries for 3rd, SAFE, throw made to third
Batting: RHB Luis Peña 0-0: Foul Ball, location: 2F
0-1: Swinging Strike
0-2: Ball
1-2: Ball
2-2: Strikes out looking
Top of the 1st over - 3 run(s), 3 hit(s), 1 error(s), 2 left on base; Calgary 3 - Mexico City 0
BOTTOM OF THE 1ST
Mexico City Cerveceros batting - Pitching for Calgary Cowboys : LHP Jim Sheppard
Pitching: LHP Jim Sheppard
Batting: RHB Henning Huisman 0-0: Ball
1-0: SINGLE (Line Drive, 6D)
Batting: RHB Murai Ishihara 0-0: Grounds into double play, 6-4-3 (Groundball, 6M)
Batting: RHB Randy Sheppard 0-0: Ball
1-0: Ball
2-0: Ball
3-0: Called Strike
3-1: Base on Balls
Batting: RHB Rafael Rincón 0-0: Ball
1-0: Ground out 4-3 (Groundball, 4)
Bottom of the 1st over - 0 run(s), 1 hit(s), 0 error(s), 1 left on base; Calgary 3 - Mexico City 0
TOP OF THE 2ND
Calgary Cowboys batting - Pitching for Mexico City Cerveceros : RHP Roberto Matoza
Batting: RHB Mario Sánchez 0-0: Ball
1-0: Ground out 4-3 (Groundball, 4)
Batting: RHB Clark Hodge 0-0: Fly out, F8 (Flyball, 78XD)
Batting: RHB Jorge Balencia 0-0: Called Strike
0-1: Ground out 4-3 (Groundball, 4)
Top of the 2nd over - 0 run(s), 0 hit(s), 0 error(s), 0 left on base; Calgary 3 - Mexico City 0
BOTTOM OF THE 2ND
Mexico City Cerveceros batting - Pitching for Calgary Cowboys : LHP Jim Sheppard
Batting: RHB Dennis Stephenson 0-0: Ball
1-0: SOLO HOME RUN (Flyball, 7LD), Distance : 342 ft
Batting: RHB Jesús Torres 0-0: Called Strike
0-1: Called Strike
0-2: Ball
1-2: Ball
2-2: Ball
3-2: Strikes out looking
Batting: LHB Brandon Cummings 0-0: Ball
1-0: Ball
2-0: Called Strike
2-1: Foul Ball, location: 2F
2-2: Strikes out looking
Batting: LHB Chad Weaver 0-0: Swinging Strike
0-1: Ball
1-1: Ball
2-1: Called Strike
2-2: Strikes out looking
Bottom of the 2nd over - 1 run(s), 1 hit(s), 0 error(s), 0 left on base; Calgary 3 - Mexico City 1
TOP OF THE 3RD
Calgary Cowboys batting - Pitching for Mexico City Cerveceros : RHP Roberto Matoza
Batting: LHB Terry Maloney 0-0: Called Strike
0-1: Ball
1-1: Foul Ball, location: 2F
1-2: Foul Ball, location: 2F
1-2: Foul Ball, location: 2F
1-2: Fly out, F7 (Line Drive, 78S)
Batting: LHB Miguel Pérez 0-0: Ball
1-0: Foul Ball, location: 2F
1-1: DOUBLE (Line Drive, 78S)
Batting: RHB Ramón Martínez 0-0: Ball
1-0: Foul Ball, location: 2F
1-1: Ball
2-1: Called Strike
2-2: Foul Ball, location: 2F
2-2: Foul Ball, location: 2F
2-2: Ball
3-2: Ground out 1-3 (Groundball, 13S)
Miguel Pérez to third
Batting: RHB Shayne Burry 0-0: Ball
1-0: Fly out, F8 (Flyball, 8RD)
Top of the 3rd over - 0 run(s), 1 hit(s), 0 error(s), 1 left on base; Calgary 3 - Mexico City 1
BOTTOM OF THE 3RD
Mexico City Cerveceros batting - Pitching for Calgary Cowboys : LHP Jim Sheppard
Batting: RHB Pablo Trujillo 0-0: Called Strike
0-1: Ball
1-1: Ball
2-1: SINGLE (Line Drive, 89S)
Batting: RHB Henning Huisman 0-0: Fielders Choice at 2nd, 6-4 (Groundball, 6M)
Batting: RHB Murai Ishihara 0-0: Called Strike
0-1: Ball
1-1: Ball
2-1: Fly out, F8 (Line Drive, 8LM)
Batting: RHB Randy Sheppard 0-0: Called Strike
Pickoff Throw to First - Error! E1
Henning Huisman to second
0-1: Foul Ball, location: 2F
0-2: Ball
1-2: Ball
2-2: Ball
3-2: SINGLE (Groundball, 23) (infield hit)
Henning Huisman to third
Batting: RHB Rafael Rincón 0-0: Foul Ball, location: 2F
0-1: Ball
1-1: Ball
2-1: Foul Ball, location: 2F
2-2: Fly out, F8 (Flyball, 8LXD)
Bottom of the 3rd over - 0 run(s), 2 hit(s), 1 error(s), 2 left on base; Calgary 3 - Mexico City 1
TOP OF THE 4TH
Calgary Cowboys batting - Pitching for Mexico City Cerveceros : RHP Roberto Matoza
Batting: LHB Freddy Herrera 0-0: Ball
1-0: Swinging Strike
1-1: Swinging Strike
1-2: Ground out U3 (Groundball, 3)
Batting: RHB Luis Peña 0-0: Ball
1-0: Called Strike
1-1: Ball
2-1: Foul Ball, location: 2F
2-2: Ball
3-2: Strikes out swinging
Batting: RHB Mario Sánchez 0-0: Ball
1-0: Foul Ball, location: 2F
1-1: Foul Ball, location: 2F
1-2: Ball
2-2: SINGLE (Groundball, 56D)
Batting: RHB Clark Hodge 0-0: Ball
1-0: Called Strike
1-1: Ball
2-1: Called Strike
2-2: Foul Ball, location: 2F
2-2: Strikes out swinging
Top of the 4th over - 0 run(s), 1 hit(s), 0 error(s), 1 left on base; Calgary 3 - Mexico City 1
BOTTOM OF THE 4TH
Mexico City Cerveceros batting - Pitching for Calgary Cowboys : LHP Jim Sheppard
Batting: RHB Dennis Stephenson 0-0: Ball
1-0: Ground out 5-3 (Groundball, 5L)
Batting: RHB Jesús Torres 0-0: Ball
1-0: Called Strike
1-1: Foul Ball, location: 2F
1-2: Foul Ball, location: 2F
1-2: Ball
2-2: Foul Ball, location: 2F
2-2: Ball
3-2: Fly out, F8 (Line Drive, 8LM)
Batting: LHB Brandon Cummings 0-0: Ball
1-0: Foul Ball, location: 2F
1-1: Ground out 6-3 (Groundball, 6)
Bottom of the 4th over - 0 run(s), 0 hit(s), 0 error(s), 0 left on base; Calgary 3 - Mexico City 1
TOP OF THE 5TH
Calgary Cowboys batting - Pitching for Mexico City Cerveceros : RHP Roberto Matoza
Batting: RHB Jorge Balencia 0-0: Ball
1-0: Ball
2-0: Foul Ball, location: 2F
2-1: Swinging Strike
2-2: Strikes out swinging
Batting: LHB Terry Maloney 0-0: Foul Ball, location: 2F
0-1: SINGLE (Groundball, 6MD)
Batting: LHB Miguel Pérez 0-0: Ball
1-0: Ball
2-0: Foul Ball, location: 2F
2-1: Called Strike
2-2: Ball
3-2: Fly out, F7 (Flyball, 8LD)
Batting: RHB Ramón Martínez 0-0: Called Strike
0-1: Ball
1-1: Ball
Wild Pitch!
Terry Maloney to second
2-1: Foul Ball, location: 2F
2-2: Ball
Wild Pitch!
Terry Maloney to third
3-2: Fly out, F5 (Popup, 5S)
Top of the 5th over - 0 run(s), 1 hit(s), 0 error(s), 1 left on base; Calgary 3 - Mexico City 1
BOTTOM OF THE 5TH
Mexico City Cerveceros batting - Pitching for Calgary Cowboys : LHP Jim Sheppard
Batting: LHB Chad Weaver 0-0: Ball
1-0: Ball
2-0: Called Strike
2-1: Foul Ball, location: 2F
2-2: Ball
3-2: Base on Balls
Pitching: RHP Mitsunari Jouda
Batting: RHB Pablo Trujillo 0-0: Ball
1-0: Called Strike
1-1: Ball
2-1: SINGLE (Groundball, 56)
Chad Weaver to second
Batting: RHB Henning Huisman 0-0: Swinging Strike
0-1: Ball
1-1: Fielders Choice at 2nd, 6-4 (Groundball, 6)
Chad Weaver to third
Batting: RHB Murai Ishihara 0-0: Called Strike
0-1: Ball
1-1: Foul Ball, location: 2F
1-2: Fly out, F8 (Flyball, 8LXD)
Runner from 3rd tags up, SCORES, no throw
Batting: RHB Randy Sheppard 0-0: Ball
Henning Huisman is caught stealing 2nd base
Bottom of the 5th over - 1 run(s), 1 hit(s), 0 error(s), 0 left on base; Calgary 3 - Mexico City 2
TOP OF THE 6TH
Calgary Cowboys batting - Pitching for Mexico City Cerveceros : RHP Roberto Matoza
Pitching: RHP Jonathan Long
Batting: RHB Shayne Burry 0-0: Called Strike
0-1: Called Strike
0-2: Foul Ball, location: 2F
0-2: Strikes out looking
Batting: LHB Freddy Herrera 0-0: SINGLE (Flyball, 6MD)
Batting: RHB Luis Peña 0-0: Foul Ball, location: 2F
0-1: Ball
1-1: Ball
2-1: Ball
3-1: Foul Ball, location: 2F
3-2: Foul Ball, location: 2F
3-2: Foul Ball, location: 2F
3-2: Foul Ball, location: 2F
3-2: Grounds into double play, U6-3 (Groundball, 6M)
Top of the 6th over - 0 run(s), 1 hit(s), 0 error(s), 0 left on base; Calgary 3 - Mexico City 2
BOTTOM OF THE 6TH
Mexico City Cerveceros batting - Pitching for Calgary Cowboys : RHP Mitsunari Jouda
Batting: RHB Randy Sheppard 0-0: Ball
1-0: Ground out 5-3 (Groundball, 56)
Batting: RHB Rafael Rincón 0-0: Called Strike
0-1: Ball
1-1: Swinging Strike
1-2: Ball
2-2: Foul Ball, location: 2F
2-2: Strikes out swinging
Batting: RHB Dennis Stephenson 0-0: Called Strike
0-1: Ball
1-1: Foul Ball, location: 2F
1-2: Fly out, F9 (Flyball, 9S)
Bottom of the 6th over - 0 run(s), 0 hit(s), 0 error(s), 0 left on base; Calgary 3 - Mexico City 2
TOP OF THE 7TH
Calgary Cowboys batting - Pitching for Mexico City Cerveceros : RHP Jonathan Long
Batting: RHB Mario Sánchez 0-0: Ground out 3-1 (Groundball, 34)
Batting: RHB Clark Hodge 0-0: Called Strike
0-1: Ball
1-1: Swinging Strike
1-2: Strikes out swinging
Batting: RHB Jorge Balencia 0-0: Ball
1-0: Swinging Strike
1-1: Called Strike
1-2: Ground out 5-3 (Groundball, 15S)
Top of the 7th over - 0 run(s), 0 hit(s), 0 error(s), 0 left on base; Calgary 3 - Mexico City 2
BOTTOM OF THE 7TH
Mexico City Cerveceros batting - Pitching for Calgary Cowboys : RHP Mitsunari Jouda
Pitching: RHP Eric Bell
Batting: RHB Jesús Torres 0-0: Ball
1-0: DOUBLE (Flyball, 78D)
Batting: LHB Brandon Cummings 0-0: Fly out, F8 (Flyball, 8RXD)
Runner from 2nd tags up, SAFE at 3rd, no throw
Batting: LHB Chad Weaver 0-0: Ball
1-0: Foul Ball, location: 2F
1-1: Foul Ball, location: 2F
1-2: Ground out 6-3 (Groundball, 6MS)
Batting: RHB Pablo Trujillo 0-0: Called Strike
0-1: Ball
1-1: Ball
2-1: Called Strike
2-2: Ball
3-2: Foul Ball, location: 2F
3-2: Strikes out swinging
Bottom of the 7th over - 0 run(s), 1 hit(s), 0 error(s), 1 left on base; Calgary 3 - Mexico City 2
TOP OF THE 8TH
Calgary Cowboys batting - Pitching for Mexico City Cerveceros : RHP Jonathan Long
Pitching: RHP Jesús Mendoza
Batting: LHB Terry Maloney 0-0: Called Strike
0-1: Ball
1-1: Ball
2-1: Foul Ball, location: 2F
2-2: Ball
3-2: Base on Balls
Batting: LHB Miguel Pérez 0-0: Foul Ball, location: 2F
0-1: Ball
1-1: Ball
2-1: Ground out 5-3 (Groundball, 5S)
Terry Maloney to second
Batting: RHB Ramón Martínez 0-0: Ball
1-0: Foul Ball, location: 2F
1-1: Ball
2-1: Ball
3-1: Foul Ball, location: 2F
3-2: Strikes out swinging
Batting: RHB Shayne Burry 0-0: Called Strike
0-1: Ball
1-1: Foul Ball, location: 2F
1-2: Ball
2-2: Ground out 5-3 (Groundball, 5)
Top of the 8th over - 0 run(s), 0 hit(s), 0 error(s), 1 left on base; Calgary 3 - Mexico City 2
BOTTOM OF THE 8TH
Mexico City Cerveceros batting - Pitching for Calgary Cowboys : RHP Eric Bell
Pitching: RHP Esteban Castro
Batting: RHB Henning Huisman 0-0: Ball
1-0: Ball
2-0: Foul Ball, location: 2F
2-1: Foul Ball, location: 2F
2-2: Fly out, F8 (Flyball, 8RD)
Batting: RHB Murai Ishihara 0-0: Called Strike
0-1: Ball
1-1: Called Strike
1-2: Ball
2-2: Ground out 5-3 (Groundball, 5S)
Batting: RHB Randy Sheppard 0-0: Ball
1-0: Called Strike
1-1: Foul Ball, location: 2F
1-2: Ball
2-2: Foul Ball, location: 2F
2-2: Foul Ball, location: 2F
2-2: Foul Ball, location: 2F
2-2: Ball
3-2: Ground out 5-3 (Groundball, 5S)
Bottom of the 8th over - 0 run(s), 0 hit(s), 0 error(s), 0 left on base; Calgary 3 - Mexico City 2
TOP OF THE 9TH
Calgary Cowboys batting - Pitching for Mexico City Cerveceros : RHP Jesús Mendoza
Pitching: RHP Stan Stewart
Batting: LHB Freddy Herrera 0-0: Ball
1-0: Swinging Strike
1-1: Swinging Strike
1-2: Foul Ball, location: 2F
1-2: Fly out, F4 (Popup, 3)
Batting: RHB Luis Peña 0-0: Ball
1-0: Ball
2-0: Foul Ball, location: 2F
2-1: Ball
3-1: Foul Ball, location: 2F
3-2: Strikes out swinging
Batting: RHB Mario Sánchez 0-0: Called Strike
0-1: Foul Ball, location: 2F
0-2: Ground out 6-3 (Groundball, 6)
Top of the 9th over - 0 run(s), 0 hit(s), 0 error(s), 0 left on base; Calgary 3 - Mexico City 2
BOTTOM OF THE 9TH
Mexico City Cerveceros batting - Pitching for Calgary Cowboys : RHP Esteban Castro
Pitching: RHP Tatsuzo Harada
Now at SS: Iain Liefting
Batting: RHB Rafael Rincón 0-0: Swinging Strike
0-1: Foul Ball, location: 2F
0-2: Strikes out swinging
Batting: RHB Dennis Stephenson 0-0: Swinging Strike
0-1: Swinging Strike
0-2: Strikes out looking
Batting: RHB Jesús Torres 0-0: Ball
1-0: Ball
2-0: Foul Ball, location: 2F
2-1: Fly out, F4 (Line Drive, 4)
Bottom of the 9th over - 0 run(s), 0 hit(s), 0 error(s), 0 left on base; Calgary 3 - Mexico City 2
This league is powered by Out of the Park Baseball, the baseball management simulation game for PC, Mac and Linux
Tuesday, August 2nd, 2016 - OOTP Baseball 16.8 Build 38